 Dungeon Crawl Stone Soup version 0.29-a0-322-g68df515428 (webtiles) character file.

Game seed: 11772813470764717627

9 sammy202020 the Skirmisher (level 2, 24/24 HPs)
             Began as a Demonspawn Berserker on Apr 5, 2022.
             Was a Follower of Trog.
             Quit the game on level 1 of the Dungeon.
             The game lasted 00:01:05 (276 turns).

sammy202020 the Skirmisher (Demonspawn Berserker)    Turns: 276, Time: 00:01:05

Health: 24/24      AC:  2    Str: 17    XL:     2   Next: 3%
Magic:  2/2        EV: 12    Int:  8    God:    Trog [*.....]
Gold:   12         SH:  0    Dex: 12    Spells: 1/1 levels left

rFire   . . .      SeeInvis .   a - +0 hand axe
rCold   . . .      Faith    .   (no shield)
rNeg    . . .      Spirit   .   b - +0 animal skin
rPois   .          Reflect  .   (helmet restricted)
rElec   .          Harm     .   (no cloak)
rCorr   .          Rampage  .   (no gloves)
Will    .....                   (no boots)
Stlth   +.........              (no amulet)
HPRegen 0.08/turn               (no ring)
MPRegen 0.08/turn               (no ring)

@: no status effects
A: antennae 1
a: Renounce Religion, Berserk


You were on level 1 of the Dungeon.
You worshipped Trog.
Trog was aware of your devotion.
You visited 1 branch of the dungeon, and saw 1 of its levels.

You collected 12 gold pieces.

Inventory:

Hand Weapons
 a - a +0 hand axe (weapon)
Armour
 b - a +0 animal skin (worn)


   Skills:
 * Level 3.2 Fighting
 * Level 2.9 Axes
 + Level 1.9 Armour
 - Level 1.7 Dodging


You had one spell level left.
You didn't know any spells.
Your spell library was empty.

Dungeon Overview and Level Annotations

Branches:
Dungeon (1/15)

Altars:

Shops:
D:1 !


Innate Abilities, Weirdness & Mutations

You have a pair of small antennae on your head.


Message History

The bat hits you but does no damage.
A bat is nearby!
A bat is nearby!
The bat hits you but does no damage. The bat barely misses you.
The bat closely misses you.
You miss the bat. The bat hits you but does no damage. x2
You barely miss the bat. The bat barely misses you. The bat misses you.
You closely miss the bat. The bat hits you but does no damage.
You hit the bat.
You kill the bat!
Trog accepts your kill.
No target in view!
No target in view!
No target in view!
No target in view!
No target in view!
There is an open door here.
A hobgoblin comes into view.
A hobgoblin is nearby!
No reachable target in view!
No reachable target in view!
No reachable target in view!
No reachable target in view!
No reachable target in view!
No reachable target in view!
No reachable target in view!
A hobgoblin is nearby!
You see here 12 gold pieces.
You hit the hobgoblin.
You kill the hobgoblin!
Trog accepts your kill.
You have reached level 2!
You feel monstrous as your demonic heritage exerts itself.
Your demonic ancestry asserts itself...
A pair of antennae grows on your head!
You now have 12 gold pieces.
A giant cockroach comes into view.
A giant cockroach is nearby!
Are you sure you want to abandon this character and quit the game? (Confirm with "yes".)

##.##
#.#.#...#
#.#
#.#.#..##
#.#
#.#.#'##
#.# #.#.#.#
######.#
#.#...#
#......##
#.###.##
#.####..#
#.##...##
#.#####.#
#.......#
#.#.@...#
######....#
#.#.#####
...........
#.#.
###.....##
#$#.
#.#...##
#.##
#....### #B
#.#..##. #
###'####.#
#.....#.##
#.....###


You could see a giant cockroach (asleep).

Vanquished Creatures
  A ball python (D:1)
  An endoplasm (D:1)
  A giant cockroach (D:1)
  2 hobgoblins (D:1)
  2 bats (D:1)
7 creatures vanquished.

Notes
Turn   | Place    | Note
-------+----------+-------------------------------------------
     0 | D:1      | sammy202020 the Demonspawn Berserker began the quest for
                  | the Orb.
     0 | D:1      | Reached XP level 1. HP: 18/18 MP: 1/1
    32 | D:1      | Found a faded altar of an unknown god.
    90 | D:1      | Found Teitt's Distillery.
   269 | D:1      | Discovered your monstrous ancestry.
   269 | D:1      | Gained mutation: You have a pair of small antennae on your
                  | head. [demonic ancestry]
   269 | D:1      | Reached XP level 2. HP: 24/24 MP: 2/2
   276 | D:1      | Quit the game

Illustrated notes

Levels and vault maps discovered:
D:1:      minmay_arrival_checkered_box, layout_loops_corners, serial_shops,
          shop, serial_co_window_serial, co_window_of_opportunity_a,
          co_window_paths_a, co_window_paths_b, co_window_paths_a,
          co_window_corner_a, co_window_of_opportunity_b,
          co_window_of_opportunity_b, co_window_2corner, co_window_corner_b,
          co_window_broadway_c, co_window_of_opportunity_c,
          basic_ecumenical_altar

Action                   || total
-------------------------++-------
Melee: Hand axe          ||    29
       Punch             ||     1
 Stab: Sleeping          ||     1
Armor: Animal skin       ||    14
Dodge: Dodged            ||    22

Table legend: (Time is in decaauts)
 A = Elapsed time spent in this place.
 B = Non-inter-level travel time spent in this place.
 C = Inter-level travel time spent in this place.
 D = Time resting spent in this place.
 E = Time spent auto-exploring this place.
 F = Levels seen in this place.
 G = Mean time per level.
                   A        B        C        D        E       F      G
               +--------+--------+--------+--------+--------+-----+--------+
         Total |    280 |    280 |      0 |      0 |    217 |   1 |  280.0 |
       Dungeon |    280 |    280 |      0 |      0 |    217 |   1 |  280.0 |
               +--------+--------+--------+--------+--------+-----+--------+

Top non-repeatable levels by time:
     D:1: 280 daAuts
